[Event "Titled Tuesday Blitz June 29 2021"]
[White "Abdimalik_Abdisalimov"]
[Black "Alexander_Zubov"]
[WhiteElo "2598"]
[BlackElo "3000"]
[Result "0-1"]
[Round "02"]
[TimeControl "180+1"]
[Date "2021.06.29"]
[WhiteClock "0:00:23"]
[BlackClock "0:00:48"]

1. d4 Nf6 2. c4 e6 3. g3 d5 4. Bg2 Bb4+ 5. Bd2 Bd6 6. Nf3 O-O 7. O-O Nbd7 8. Qc2 c6 9. Rd1 Qe7 10. Bg5 h6 11. Bc1 dxc4 12. Qxc4 e5 13. dxe5 Nxe5 14. Nxe5 Bxe5 15. Nd2 Be6 16. Qc2 Bc7 17. Nf3 Bd5 18. Nd4 Bxg2 19. Kxg2 Rfe8 20. e3 Rad8 21. b3 Qe4+ 22. Qxe4 Nxe4 23. Bb2 Be5 24. f3 Nf6 25. Rab1 Nd5 26. Nc2 Bxb2 27. Rxb2 Nf4+ 0-1


[Site "https://www.chess.com"]

[Event "Titled Tuesday Blitz June 29 2021"]
[White "Alexander_Moskalenko"]
[Black "gedeblas"]
[WhiteElo "2914"]
[BlackElo "2577"]
[Result "1-0"]
[Round "02"]
[TimeControl "180+1"]
[Date "2021.06.29"]
[WhiteClock "0:00:56"]
[BlackClock "0:00:03"]

1. e4 c6 2. Nf3 d5 3. d3 dxe4 4. dxe4 Qxd1+ 5. Kxd1 Nf6 6. Nbd2 Bg4 7. Bd3 Nbd7 8. h3 Bh5 9. b4 e6 10. Rb1 Be7 11. g4 Bg6 12. Ke2 a5 13. bxa5 Nc5 14. Ne5 Rxa5 15. Nxg6 hxg6 16. Nb3 Nxb3 17. axb3 Nxg4 18. Bd2 Rah5 19. Ra1 Nf6 20. Ra7 b6 21. Rc7 Rxh3 22. Ra1 Bd8 23. Ra8 O-O 24. Rxc6 Rh2 25. Bf4 Rh4 26. Bg3 Rh5 27. Rcc8 Be7 28. Rxf8+ Bxf8 29. Bd6 Nh7 30. Rb8 b5 31. b4 f5 32. Bxf8 Nxf8 33. Rxb5 fxe4 34. Bc4 Kf7 35. Rb7+ Kf6 36. Bb3 g5 37. b5 Ng6 38. Ke3 Rh3+ 39. Kxe4 Ne5 40. Rc7 Rh4+ 41. Ke3 Rh3+ 42. Ke2 Rh8 43. b6 Rb8 44. b7 g4 45. c4 Nf7 46. c5 Nd8 47. c6 Nxc6 48. Rxc6 Rxb7 49. Bxe6 Kg5 50. Kf1 Re7 51. Kg2 Kf4 52. Rc4+ Kg5 53. Bxg4 Rf7 54. Bf3 Kh6 55. Rh4+ Kg5 56. Rg4+ Kf5 57. Kg3 Ke5 58. Re4+ Kd6 59. Rd4+ Ke5 60. Re4+ Kd6 61. Rf4 Re7 62. Kg4 Re1 63. Kf5 Rg1 64. Bg4 Ke7 65. Kg6 1-0


[Site "https://www.chess.com"]

[Event "Titled Tuesday Blitz June 29 2021"]
[White "Alexsur1981"]
[Black "FMJoseHerrera"]
[WhiteElo "2864"]
[BlackElo "2574"]
[Result "1-0"]
[Round "02"]
[TimeControl "180+1"]
[Date "2021.06.29"]
[WhiteClock "0:01:07"]
[BlackClock "0:01:04"]

1. e4 c5 2. Nc3 e6 3. Nf3 a6 4. g4 Qc7 5. Bg2 b5 6. d3 Bb7 7. O-O d6 8. a4 b4 9. Ne2 Nd7 10. Ng3 Be7 11. c3 bxc3 12. bxc3 g6 13. Qe2 h5 14. h3 hxg4 15. hxg4 Ngf6 16. Ng5 Ne5 17. f3 d5 18. Bf4 Bd6 19. d4 cxd4 20. cxd4 Qb6 21. Rab1 Qxd4+ 22. Be3 Qc4 23. Rxb7 Qc6 24. Rb6 Qc7 25. Rxd6 Qxd6 26. f4 Nexg4 27. e5 Nxe5 28. fxe5 Qxe5 29. Qf3 O-O-O 30. Qf4 Qxf4 31. Bxf4 Rd7 32. Be5 1-0


[Site "https://www.chess.com"]

[Event "Titled Tuesday Blitz June 29 2021"]
[White "ChessWarrior7197"]
[Black "s1mple154"]
[WhiteElo "2979"]
[BlackElo "2593"]
[Result "1-0"]
[Round "02"]
[TimeControl "180+1"]
[Date "2021.06.29"]
[WhiteClock "0:00:44"]
[BlackClock "0:00:50"]

1. d4 Nf6 2. c4 g6 3. Nc3 Bg7 4. e4 d6 5. Be2 O-O 6. Bg5 c5 7. d5 b5 8. cxb5 a6 9. a4 e6 10. Nf3 exd5 11. Nxd5 Qa5+ 12. b4 Qd8 13. b6 h6 14. Nxf6+ Bxf6 15. Bxh6 Re8 16. O-O Qxb6 17. bxc5 dxc5 18. Rb1 Qc7 19. e5 Bg7 20. Bxg7 Kxg7 21. Qd5 Ra7 22. Rfc1 Nd7 23. h4 Nxe5 24. Rxc5 Nxf3+ 25. Bxf3 Qf4 26. Rc4 Qf6 27. Rc6 Qf4 28. h5 Bb7 29. Rxg6+ fxg6 30. Qd7+ Kh6 31. Qxe8 Qd6 32. Qe3+ g5 33. Rb6 1-0


[Site "https://www.chess.com"]

[Event "Titled Tuesday Blitz June 29 2021"]
[White "DLR7"]
[Black "Grischuk"]
[WhiteElo "2604"]
[BlackElo "3082"]
[Result "0-1"]
[Round "02"]
[TimeControl "180+1"]
[Date "2021.06.29"]
[WhiteClock "0:00:18"]
[BlackClock "0:00:16"]

1. e4 c5 2. Nf3 d6 3. d4 cxd4 4. Qxd4 Nf6 5. Nc3 Nc6 6. Bb5 Bd7 7. Bxc6 Bxc6 8. O-O e6 9. Bg5 Be7 10. Rad1 O-O 11. h3 h6 12. Bh4 Qa5 13. a3 Rfd8 14. Rfe1 Qh5 15. Bg3 e5 16. Qd3 Rac8 17. Qe3 a6 18. Qb6 g5 19. Nh2 Qg6 20. Qe3 h5 21. h4 g4 22. Nf1 Bf8 23. Nd2 Bh6 24. Qe2 b5 25. Nb3 Ba8 26. Rd3 Bf8 27. Nd2 Re8 28. Nf1 Re6 29. Kh2 Bh6 30. Ne3 Nxe4 31. Ned5 Nxc3 32. Rxc3 Rxc3 33. Nxc3 f5 34. Qd3 f4 35. Bxf4 Bxf4+ 36. g3 Qxd3 37. cxd3 Bd2 0-1


[Site "https://www.chess.com"]

[Event "Titled Tuesday Blitz June 29 2021"]
[White "DenLaz"]
[Black "Das_Virus_2020"]
[WhiteElo "2855"]
[BlackElo "2569"]
[Result "1-0"]
[Round "02"]
[TimeControl "180+1"]
[Date "2021.06.29"]
[WhiteClock "0:00:16"]
[BlackClock "0:00:32"]

1. d4 Nf6 2. c4 c5 3. d5 b5 4. cxb5 a6 5. e3 e6 6. Nc3 exd5 7. bxa6 Nxa6 8. Nxd5 Bb7 9. Nxf6+ Qxf6 10. Bb5 O-O-O 11. Nf3 Nc7 12. Be2 d5 13. O-O Bd6 14. Rb1 g5 15. b4 g4 16. Nd2 c4 17. Qc2 h5 18. Bb2 Qh4 19. g3 Qe7 20. Bxh8 Rxh8 21. Qf5+ Kb8 22. Rfc1 Ne6 23. a4 Ng5 24. a5 Nh3+ 25. Kf1 d4 26. a6 dxe3 27. Nxc4 Bxa6 28. Nxe3 Bxe2+ 29. Kxe2 Re8 30. Qb5+ 1-0


[Site "https://www.chess.com"]

[Event "Titled Tuesday Blitz June 29 2021"]
[White "Duhless"]
[Black "yobdc"]
[WhiteElo "3061"]
[BlackElo "2604"]
[Result "1-0"]
[Round "02"]
[TimeControl "180+1"]
[Date "2021.06.29"]
[WhiteClock "0:01:11"]
[BlackClock "0:00:04"]

1. d4 d5 2. Nf3 Nf6 3. c4 c6 4. Nc3 e6 5. cxd5 exd5 6. Qc2 g6 7. Bg5 Be7 8. e3 Bf5 9. Bd3 Bxd3 10. Qxd3 Nbd7 11. O-O O-O 12. Rab1 a5 13. Qc2 Re8 14. h3 Ne4 15. Bf4 Bf8 16. Nxe4 Rxe4 17. a3 a4 18. b3 axb3 19. Rxb3 Ra7 20. Rfb1 Qa8 21. Ne5 Nxe5 22. Bxe5 Rxa3 23. Rxb7 Ra1 24. Rxa1 Qxa1+ 25. Rb1 Qa6 26. Rb8 Qa1+ 27. Kh2 Qa3 28. Qxc6 Qe7 29. Re8 Qh4 30. Qd6 1-0


[Site "https://www.chess.com"]

[Event "Titled Tuesday Blitz June 29 2021"]
[White "FairChess_on_YouTube"]
[Black "Caracternin123"]
[WhiteElo "2986"]
[BlackElo "2598"]
[Result "1-0"]
[Round "02"]
[TimeControl "180+1"]
[Date "2021.06.29"]
[WhiteClock "0:01:47"]
[BlackClock "0:00:20"]

1. Nf3 Nf6 2. c4 e6 3. g3 d5 4. Bg2 dxc4 5. O-O c5 6. Na3 Nc6 7. Nxc4 Be7 8. b3 O-O 9. Bb2 Nd5 10. Rc1 b5 11. Nce5 Nxe5 12. Nxe5 Bb7 13. d4 Rc8 14. dxc5 Rxc5 15. Qd4 Rxc1 16. Rxc1 Bf6 17. Qxa7 Qa8 18. Qxa8 Rxa8 19. e4 Nb4 20. Rc7 Rb8 21. Nd7 Rc8 22. Nxf6+ gxf6 23. Rxb7 Nd3 24. Bxf6 1-0


[Site "https://www.chess.com"]

[Event "Titled Tuesday Blitz June 29 2021"]
[White "GelmanAlexander"]
[Black "Sharpchess22"]
[WhiteElo "2569"]
[BlackElo "2855"]
[Result "0-1"]
[Round "02"]
[TimeControl "180+1"]
[Date "2021.06.29"]
[WhiteClock "0:00:43"]
[BlackClock "0:01:12"]

1. d4 d5 2. Nc3 Nf6 3. Bf4 a6 4. e3 Bf5 5. f3 e6 6. g4 Bg6 7. h4 h5 8. g5 Ng8 9. e4 Bb4 10. exd5 exd5 11. Bd3 Ne7 12. Ne2 Nbc6 13. Qd2 Qd7 14. O-O-O O-O-O 15. Kb1 Kb8 16. a3 Bd6 17. Bxg6 fxg6 18. Bxd6 Qxd6 19. Rhf1 Nf5 20. Rh1 Rhe8 21. Nf4 Ne3 22. Nfe2 Nxd1 23. Rxd1 Rf8 24. f4 Ne7 25. Na4 b6 26. Qd3 Kb7 27. Nac3 Nf5 28. Rh1 Rfe8 29. Qf3 Re3 30. Qf2 Rde8 31. Nc1 Nxd4 32. Rd1 c5 33. Qg2 Rd8 34. Nb3 Nxb3 35. Rxd5 Qc6 36. cxb3 Rxc3 0-1


[Site "https://www.chess.com"]

[Event "Titled Tuesday Blitz June 29 2021"]
[White "Hikaru"]
[Black "Mr_Sinigami"]
[WhiteElo "3161"]
[BlackElo "2606"]
[Result "1-0"]
[Round "02"]
[TimeControl "180+1"]
[Date "2021.06.29"]
[WhiteClock "0:01:27"]
[BlackClock "0:00:02"]

1. b4 c6 2. Bb2 Qb6 3. a3 a5 4. c3 Nf6 5. d4 d5 6. Nd2 Bf5 7. e3 e6 8. Ngf3 h6 9. c4 axb4 10. c5 Qc7 11. axb4 Rxa1 12. Qxa1 Be7 13. b5 O-O 14. b6 Qc8 15. Be2 Nbd7 16. O-O Ne4 17. Nxe4 Bxe4 18. Nd2 Bg6 19. Qa7 e5 20. Nb3 exd4 21. exd4 Bf6 22. Bg4 Bd3 23. Re1 Ba6 24. Na5 Re8 25. Ra1 Re7 26. h3 Qe8 27. Nxb7 Re1+ 28. Kh2 Rxa1 29. Bxa1 Bxb7 30. Qxb7 Nxc5 31. dxc5 Bxa1 32. Qc7 Be5+ 33. f4 Bxc7 34. bxc7 Qe3 35. c8=Q+ Kh7 36. Qf5+ Kg8 37. Qc8+ Kh7 38. Qc7 Qxc5 39. Bf5+ g6 40. Qxf7+ Kh8 41. Qf6+ Kg8 42. Be6+ Kh7 43. Qf7+ Kh8 44. Qg8# 1-0


[Site "https://www.chess.com"]

[Event "Titled Tuesday Blitz June 29 2021"]
[White "IMTominho"]
[Black "Neftegor"]
[WhiteElo "2839"]
[BlackElo "2556"]
[Result "1-0"]
[Round "02"]
[TimeControl "180+1"]
[Date "2021.06.29"]
[WhiteClock "0:01:51"]
[BlackClock "0:01:31"]

1. d4 Nf6 2. Bf4 c5 3. e3 Qb6 4. b3 cxd4 5. exd4 d5 6. Nf3 Bg4 7. Be2 Bxf3 8. Bxf3 Nc6 9. c3 e6 10. O-O Be7 11. Re1 O-O 12. Nd2 Rac8 13. a4 Na5 14. Rc1 Bd6 15. Bg5 Be7 16. g3 Qd8 17. Qe2 a6 18. Qd3 Re8 19. h4 h6 20. Be3 Bd6 21. Kg2 Nc6 22. b4 e5 23. dxe5 Nxe5 24. Qf5 Re6 25. Bd4 Qe7 26. Bxe5 Bxe5 27. Rxe5 1-0


[Site "https://www.chess.com"]

[Event "Titled Tuesday Blitz June 29 2021"]
[White "Indianlad"]
[Black "BigAl"]
[WhiteElo "2952"]
[BlackElo "2591"]
[Result "1-0"]
[Round "02"]
[TimeControl "180+1"]
[Date "2021.06.29"]
[WhiteClock "0:00:58"]
[BlackClock "0:00:29"]

1. Nf3 Nf6 2. b3 g6 3. Bb2 Bg7 4. g3 O-O 5. Bg2 d6 6. d4 a5 7. a4 c6 8. O-O Bf5 9. Nbd2 Qd7 10. Re1 Bh3 11. Bh1 Na6 12. e4 Bg4 13. e5 Nh5 14. exd6 exd6 15. Nc4 Rae8 16. Ne3 Nf6 17. Nxg4 Qxg4 18. Bg2 Nb4 19. c3 Nbd5 20. Qd3 h6 21. Rxe8 Rxe8 22. Re1 Rxe1+ 23. Nxe1 Qe6 24. Nc2 h5 25. h4 Bh6 26. Bf3 Qh3 27. c4 Nb4 28. Nxb4 axb4 29. d5 Ng4 30. Bxg4 Qxg4 31. dxc6 bxc6 32. Qxd6 Bg7 33. Bxg7 Kxg7 34. Qxb4 Qd1+ 35. Kg2 Qd3 36. a5 Qe4+ 37. Kh2 Qd4 38. Qe1 f6 39. a6 g5 40. hxg5 fxg5 41. Qe3 1-0


[Site "https://www.chess.com"]

[Event "Titled Tuesday Blitz June 29 2021"]
[White "Jospem"]
[Black "Harry_Rakkel"]
[WhiteElo "2951"]
[BlackElo "2585"]
[Result "1-0"]
[Round "02"]
[TimeControl "180+1"]
[Date "2021.06.29"]
[WhiteClock "0:00:18"]
[BlackClock "0:00:01"]

1. e4 c5 2. Nf3 e6 3. c3 Nf6 4. Bd3 Nc6 5. Bc2 d5 6. e5 Nd7 7. d4 h6 8. O-O b5 9. Be3 c4 10. Ne1 Nb6 11. f4 g6 12. g4 Rg8 13. Kh1 Qc7 14. Qf3 Ne7 15. Ng2 Bd7 16. Bf2 O-O-O 17. Bh4 Kb7 18. Nd2 Re8 19. Qf2 a5 20. Nf3 b4 21. Ne3 Nc6 22. f5 a4 23. fxg6 fxg6 24. Bf6 b3 25. axb3 cxb3 26. Bd3 Na5 27. g5 h5 28. Nh4 Nac4 29. Nxg6 Bb5 30. Nf4 Ka6 31. Nxc4 dxc4 32. Be4 Bc6 33. Qf3 Bxe4 34. Qxe4 Qb7 35. Qxb7+ Kxb7 36. Nxh5 a3 37. bxa3 Na4 38. Rf3 Kc6 39. Nf4 Kd7 40. h4 Rb8 41. Rb1 b2 42. h5 Bxa3 43. h6 Rb3 44. Ne2 1-0


[Site "https://www.chess.com"]

[Event "Titled Tuesday Blitz June 29 2021"]
[White "Kildepiotr"]
[Black "viditchess"]
[WhiteElo "2603"]
[BlackElo "3048"]
[Result "0-1"]
[Round "02"]
[TimeControl "180+1"]
[Date "2021.06.29"]
[WhiteClock "0:02:03"]
[BlackClock "0:01:14"]

1. Nf3 d5 2. g3 g6 3. Bg2 Bg7 4. O-O e5 5. d3 Ne7 6. Nbd2 O-O 7. e4 Nbc6 8. c3 a5 9. Qc2 h6 10. b3 Be6 11. a3 g5 12. Bb2 Ng6 13. b4 Qd7 14. Nb3 b6 15. b5 Nce7 16. a4 f5 17. Nfd2 Rad8 18. c4 dxc4 19. dxc4 f4 20. Rfd1 Bh3 21. c5 Bxg2 22. Kxg2 Qg4 23. f3 Nh4+ 24. Kf2 fxg3+ 25. hxg3 Nxf3 0-1


[Site "https://www.chess.com"]

[Event "Titled Tuesday Blitz June 29 2021"]
[White "Murad_Ibrahimli"]
[Black "PLAYER_2006_M"]
[WhiteElo "2836"]
[BlackElo "2551"]
[Result "1/2-1/2"]
[Round "02"]
[TimeControl "180+1"]
[Date "2021.06.29"]
[WhiteClock "0:00:15"]
[BlackClock "0:00:07"]

1. Nf3 Nf6 2. c4 e6 3. Nc3 d5 4. d4 Bb4 5. cxd5 exd5 6. Bf4 O-O 7. Rc1 c5 8. e3 Nbd7 9. dxc5 Nxc5 10. Be2 Nfe4 11. O-O Nxc3 12. bxc3 Ba3 13. Rb1 Bf5 14. Rb5 a6 15. Nd4 Bg6 16. Rb3 Nxb3 17. Qxb3 Qa5 18. h4 Bc5 19. h5 Bxd4 20. hxg6 Bxc3 21. Bd6 hxg6 22. Bxf8 Rxf8 23. Rd1 d4 24. exd4 b5 25. d5 Rd8 26. d6 Be5 27. d7 Qc7 28. g3 Rxd7 29. Rxd7 Qxd7 30. Kg2 Qc6+ 31. Bf3 Qc4 32. Qe3 Qd4 33. Qe2 Kf8 34. Bb7 Qb6 35. Bd5 Qd6 36. Qf3 f5 37. Bb3 Ke7 38. Qb7+ Kf6 39. f4 Bxf4 40. gxf4 Qd2+ 41. Kg3 Qe1+ 42. Kh3 Qe3+ 43. Kg2 Qd2+ 44. Kf3 Qd3+ 45. Kf2 Qd2+ 46. Kg1 Qe3+ 47. Kh1 Qe1+ 48. Kg2 Qd2+ 1/2-1/2


[Site "https://www.chess.com"]

[Event "Titled Tuesday Blitz June 29 2021"]
[White "OhanyanEminChess"]
[Black "Khamrakulov_Djurabek"]
[WhiteElo "2553"]
[BlackElo "2838"]
[Result "1-0"]
[Round "02"]
[TimeControl "180+1"]
[Date "2021.06.29"]
[WhiteClock "0:00:28"]
[BlackClock "0:01:59"]

1. e4 e5 2. Nc3 Nf6 3. Bc4 c6 4. d4 b5 5. dxe5 bxc4 6. exf6 Qxf6 7. Nf3 Bb4 8. O-O Bxc3 9. bxc3 Qxc3 10. Qd6 Qf6 11. Ba3 Qxd6 12. Bxd6 f6 13. Rab1 Na6 14. e5 Kf7 15. exf6 gxf6 16. Rfe1 Re8 17. Rxe8 Kxe8 18. Re1+ Kf7 19. Re7+ Kg8 20. Nh4 c5 21. Nf5 Bb7 22. Rg7+ Kh8 23. Be7 Rg8 24. Rf7 Rxg2+ 25. Kf1 1-0


[Site "https://www.chess.com"]

[Event "Titled Tuesday Blitz June 29 2021"]
[White "Oleksandr_Bortnyk"]
[Black "MarcoRiehle"]
[WhiteElo "3011"]
[BlackElo "2603"]
[Result "1-0"]
[Round "02"]
[TimeControl "180+1"]
[Date "2021.06.29"]
[WhiteClock "0:01:16"]
[BlackClock "0:00:19"]

1. e4 e5 2. Bc4 Bc5 3. Nc3 Nc6 4. Qg4 Qf6 5. Nd5 Qxf2+ 6. Kd1 Kf8 7. Nh3 Qd4 8. d3 d6 9. Qf3 h5 10. c3 Qxc4 11. dxc4 Bg4 12. Nxc7 Bxf3+ 13. gxf3 Rc8 14. Nd5 Nge7 15. b4 Bb6 16. Nxb6 axb6 17. Kc2 f6 18. Be3 Nb8 19. Kb3 Nd7 20. Rad1 Rc6 21. b5 Rc7 22. Rxd6 Nc8 23. Rd5 Ke7 24. Rhd1 g5 25. Ng1 g4 26. f4 h4 27. Ne2 Rg8 28. Bf2 Nc5+ 29. Bxc5+ bxc5 30. fxe5 fxe5 31. Rxe5+ Kf6 32. Rf5+ Kg6 33. Nf4+ Kh7 34. Rh5+ Kg7 35. Ne6+ Kg6 36. Rg5+ Kf7 37. Rxg8 Kxe6 38. Rxg4 1-0


[Site "https://www.chess.com"]

[Event "Titled Tuesday Blitz June 29 2021"]
[White "Sanan_Sjugirov"]
[Black "elohunter1999"]
[WhiteElo "2944"]
[BlackElo "2584"]
[Result "1-0"]
[Round "02"]
[TimeControl "180+1"]
[Date "2021.06.29"]
[WhiteClock "0:00:06"]
[BlackClock "0:00:03"]

1. e4 c6 2. d4 d5 3. exd5 cxd5 4. Bd3 Nc6 5. c3 Nf6 6. Bf4 Bg4 7. Qb3 e5 8. dxe5 Nh5 9. Be3 Nxe5 10. Bb5+ Nc6 11. Nd2 Be6 12. Qa4 Qc7 13. Ngf3 Bd6 14. Nd4 Bd7 15. Be2 Nf6 16. Nb5 Qb8 17. Nxd6+ Qxd6 18. Qf4 Qxf4 19. Bxf4 d4 20. c4 O-O 21. O-O Bf5 22. Bf3 Rfe8 23. Rfe1 Rad8 24. a3 a5 25. Bc7 Rc8 26. Bb6 d3 27. Bxc6 Rxe1+ 28. Rxe1 Rxc6 29. Bxa5 Re6 30. Rxe6 fxe6 31. f3 e5 32. Bc3 Nd7 33. Kf2 Kf7 34. Ke3 Ke6 35. Ne4 Nb6 36. b3 Nd7 37. Bb4 b6 38. Kxd3 Nf6 39. h3 Nxe4 40. fxe4 Bg6 41. Bd2 Be8 42. Be3 b5 43. Bd2 bxc4+ 44. Kxc4 Bc6 45. g3 Bxe4 46. Kc5 Bg2 47. h4 h5 48. a4 Be4 49. b4 g6 50. b5 Kd7 51. a5 Bd3 52. Kb6 Kc8 53. Kc6 Be4+ 54. Kd6 Bd3 55. Kc5 Kb7 56. a6+ Ka7 57. Be3 Ka8 58. Kc6 Be4+ 59. Kc7 Bd3 60. Kb6 Be2 61. Ka5 e4 62. b6 Kb8 63. Bf4+ Kc8 64. b7+ Kd7 65. b8=Q 1-0


[Site "https://www.chess.com"]

[Event "Titled Tuesday Blitz June 29 2021"]
[White "SerGo055"]
[Black "GM_dmitrij"]
[WhiteElo "2575"]
[BlackElo "2903"]
[Result "0-1"]
[Round "02"]
[TimeControl "180+1"]
[Date "2021.06.29"]
[WhiteClock "0:00:13"]
[BlackClock "0:00:49"]

1. d4 Nf6 2. Nf3 g6 3. c4 Bg7 4. Nc3 O-O 5. Bg5 c5 6. d5 e6 7. e4 d6 8. Be2 h6 9. Bh4 exd5 10. exd5 Bg4 11. O-O a6 12. Nd2 Bxe2 13. Qxe2 Re8 14. Qd3 Nbd7 15. f4 Qb6 16. b3 Ng4 17. Rae1 Ne3 18. Rf3 Nf5 19. Bf2 Rxe1+ 20. Bxe1 Nf6 21. Nde4 Nxe4 22. Nxe4 Re8 23. Bf2 Qa5 24. g4 Nd4 25. Bxd4 Bxd4+ 26. Kg2 Qxa2+ 27. Kg3 Bg1 28. Nd2 Qa1 29. Rf1 Re1 30. Rxe1 Qxe1+ 31. Kh3 Be3 32. Ne4 Bxf4 33. Kg2 Be5 34. Qf3 Kg7 35. h3 b5 36. cxb5 axb5 37. Qd3 Qb4 38. Nd2 Qf4 39. Nf1 c4 40. bxc4 bxc4 41. Qf3 c3 42. Qd3 f5 43. gxf5 gxf5 44. Ne3 Qe4+ 45. Qxe4 fxe4 46. Kf2 Bd4 0-1


[Site "https://www.chess.com"]

[Event "Titled Tuesday Blitz June 29 2021"]
[White "ValeriyGrinev"]
[Black "ChristopherYoo"]
[WhiteElo "2584"]
[BlackElo "2947"]
[Result "1-0"]
[Round "02"]
[TimeControl "180+1"]
[Date "2021.06.29"]
[WhiteClock "0:00:42"]
[BlackClock "0:00:01"]

1. c4 e6 2. Nc3 Nf6 3. e4 c5 4. e5 Ng8 5. d4 cxd4 6. Qxd4 Nc6 7. Qe4 f5 8. exf6 Nxf6 9. Qh4 Be7 10. Bg5 O-O 11. Nf3 h6 12. Bd2 d5 13. cxd5 exd5 14. Qg3 Bd6 15. Qg6 Re8+ 16. Be2 Ne7 17. Qc2 Bf5 18. Qb3 Nc6 19. O-O Na5 20. Qd1 Nc4 21. Nxd5 Nxd2 22. Nxf6+ Qxf6 23. Qxd2 Rad8 24. Bc4+ Kh7 25. Qc3 Qxc3 26. bxc3 Rc8 27. Bd5 Rxc3 28. Bxb7 Re2 29. Nd4 Bd3 30. Nxe2 Bxe2 31. Rfe1 Bc4 32. Be4+ g6 33. Rac1 Rxc1 34. Rxc1 Bf7 35. Rc6 Be5 36. Rc5 Bd4 37. Rc7 Kg8 38. a4 Bb6 39. Rd7 Kf8 40. a5 Bc5 41. Rc7 Bd4 42. h4 h5 43. Rd7 Bc5 44. Bd5 Be8 45. Rc7 Bd4 46. g3 Bb5 47. Be4 Be8 48. Kg2 Bf7 49. Rd7 Bc5 50. Bd5 Be8 51. Rc7 Bd4 52. f4 Bb5 53. Be4 Be8 54. Kf3 Bf7 55. Rd7 Bc5 56. Bd5 Be8 57. Rc7 Bd4 58. Ke4 Bf2 59. f5 gxf5+ 60. Kxf5 Bxg3 61. Rxa7 Bxh4 62. a6 Bb5 63. Rf7+ Ke8 64. a7 1-0


[Site "https://www.chess.com"]

[Event "Titled Tuesday Blitz June 29 2021"]
[White "Willhaven3"]
[Black "erichansen"]
[WhiteElo "2579"]
[BlackElo "2923"]
[Result "0-1"]
[Round "02"]
[TimeControl "180+1"]
[Date "2021.06.29"]
[WhiteClock "0:00:01"]
[BlackClock "0:00:27"]

1. d4 Nf6 2. Nf3 g6 3. c4 Bg7 4. Nc3 d5 5. c5 Ne4 6. Bf4 Nc6 7. e3 O-O 8. Bb5 e5 9. Bg3 exd4 10. exd4 Nxg3 11. hxg3 Re8+ 12. Kf1 a6 13. Bxc6 bxc6 14. Rh4 h5 15. Qd2 Bg4 16. Re1 Rxe1+ 17. Nxe1 Qf6 18. Nc2 Re8 19. f3 g5 20. Rh2 h4 21. gxh4 gxh4 22. Kg1 Bf5 23. Ne2 Qe7 24. g4 Bxc2 25. Qxc2 Qe3+ 26. Kf1 Qxf3+ 27. Rf2 Qh1+ 28. Ng1 Bxd4 29. Qf5 Bxf2 30. Qg5+ Kf8 31. Qh6+ Ke7 32. Qg5+ Kd7 33. Qf5+ Kd8 34. Qf6+ Re7 35. Kxf2 Qh2+ 36. Kf1 Qe5 37. Qxc6 Re6 38. Qa8+ Ke7 39. Qg8 Rf6+ 40. Kg2 Qg3+ 41. Kh1 h3 42. Qg5 Qg2# 0-1


[Site "https://www.chess.com"]

[Event "Titled Tuesday Blitz June 29 2021"]
[White "Yurovskykh_Alexander"]
[Black "Beca95"]
[WhiteElo "2574"]
[BlackElo "2855"]
[Result "1-0"]
[Round "02"]
[TimeControl "180+1"]
[Date "2021.06.29"]
[WhiteClock "0:00:21"]
[BlackClock "0:00:07"]

1. d4 Nf6 2. Nf3 c5 3. c3 e6 4. Bf4 Qb6 5. Qb3 Qxb3 6. axb3 cxd4 7. Nxd4 d6 8. Nb5 Kd7 9. g3 Nc6 10. Bg2 h6 11. O-O g5 12. Be3 a6 13. N5a3 d5 14. Rd1 Bd6 15. c4 Ke7 16. Nc3 Nb4 17. cxd5 exd5 18. Nxd5+ Nfxd5 19. Bxd5 Nxd5 20. Rxd5 Be6 21. Rd3 Rac8 22. Rad1 Rhd8 23. Bb6 Rd7 24. Nc4 Bxc4 25. bxc4 Rxc4 26. b3 Rc6 27. Bd4 f6 28. g4 Kf7 29. Ba1 Ke6 30. Kg2 b5 31. Re3+ Kf7 32. Rf3 Rc2 33. Rxf6+ Ke7 34. Rxh6 Rxe2 35. Bf6+ Ke8 36. Rh8+ Kf7 37. Rh7+ Ke6 38. Rxd7 Kxd7 39. Bxg5 Ke6 40. Rd2 Re4 41. h3 Rb4 42. Rd3 Be5 43. Kf3 Rd4 44. Rxd4 Bxd4 45. Be3 Bc3 46. Ke4 a5 47. Kd3 Bf6 48. f4 a4 49. bxa4 bxa4 50. Bd4 Be7 51. Kc4 a3 52. f5+ Kf7 53. Kb3 Bd6 54. g5 Be7 55. g6+ Kg8 56. f6 1-0


[Site "https://www.chess.com"]

[Event "Titled Tuesday Blitz June 29 2021"]
[White "arminmusovic"]
[Black "Alexander_Donchenko"]
[WhiteElo "2547"]
[BlackElo "2833"]
[Result "0-1"]
[Round "02"]
[TimeControl "180+1"]
[Date "2021.06.29"]
[WhiteClock "0:00:40"]
[BlackClock "0:00:43"]

1. a3 Nf6 2. Nc3 d5 3. d3 e5 4. Bg5 Be7 5. e4 c6 6. h3 h6 7. Bd2 Be6 8. Nf3 Nbd7 9. Be2 O-O 10. O-O Qc7 11. Nh2 Rad8 12. Qe1 dxe4 13. Nxe4 Nxe4 14. dxe4 Nf6 15. Bf3 Bc4 16. Be2 Nxe4 17. Bxh6 gxh6 18. Bxc4 Nd2 19. Qe2 Nxf1 20. Qh5 Qd6 21. Rxf1 Kg7 22. Ng4 f5 23. Ne3 Qg6 24. Qf3 Bc5 25. Nd1 e4 26. Qc3+ Bd4 27. Qb3 b5 28. Be2 f4 29. Kh1 Kh8 30. f3 Rg8 31. g4 fxg3 32. Kg2 exf3+ 33. Bxf3 Rgf8 34. a4 Bg7 35. Qe3 Qg5 36. Bxc6 Rd2+ 37. Kh1 Rxf1+ 0-1


[Site "https://www.chess.com"]

[Event "Titled Tuesday Blitz June 29 2021"]
[White "bazar-wokzal"]
[Black "dretch"]
[WhiteElo "2543"]
[BlackElo "2821"]
[Result "0-1"]
[Round "02"]
[TimeControl "180+1"]
[Date "2021.06.29"]
[WhiteClock "0:00:10"]
[BlackClock "0:00:09"]

1. e4 e6 2. d4 d5 3. exd5 exd5 4. Nf3 Bd6 5. c4 c6 6. Bd3 Ne7 7. O-O O-O 8. Re1 dxc4 9. Bxc4 Nd7 10. Nc3 Nb6 11. Bb3 Ned5 12. Ne5 f6 13. Nd3 Kh8 14. Qf3 Bc7 15. Nxd5 Nxd5 16. Bxd5 cxd5 17. Bf4 Ba5 18. b4 Bb6 19. Nc5 Bxc5 20. dxc5 Bf5 21. Rad1 Be4 22. Qc3 Re8 23. b5 Rc8 24. c6 Qb6 25. c7 Qxb5 26. h4 h6 27. Bxh6 gxh6 28. Qxf6+ Kg8 29. Rc1 Qd7 30. Qxh6 Re6 31. Qf4 Qg7 32. f3 Rf6 33. Qg5 Rg6 34. fxe4 Rxg5 35. hxg5 Qd4+ 36. Kh2 Kg7 37. exd5 Rh8+ 38. Kg3 Qd3+ 39. Kg4 Qd4+ 40. Kg3 Qh4+ 41. Kf3 Rf8+ 42. Ke3 Qf4+ 43. Kd3 Qf5+ 44. Kd4 Qf4+ 45. Kd3 Qd6 46. c8=Q Qxd5+ 47. Ke3 Rxc8 48. Rxc8 Qe6+ 49. Kf4 Qxc8 50. Re7+ Kg6 51. g4 Qc4+ 52. Re4 Qc7+ 53. Re5 Qd6 54. Ke4 a6 55. a4 Qc6+ 56. Kf4 Qxa4+ 57. Re4 Qc6 58. Re5 Qd6 59. Ke4 Qxe5+ 60. Kxe5 Kxg5 0-1


[Site "https://www.chess.com"]

[Event "Titled Tuesday Blitz June 29 2021"]
[White "eduardoperalta"]
[Black "AryanTari"]
[WhiteElo "2592"]
[BlackElo "2962"]
[Result "0-1"]
[Round "02"]
[TimeControl "180+1"]
[Date "2021.06.29"]
[WhiteClock "0:00:01"]
[BlackClock "0:00:04"]

1. d4 Nf6 2. Bg5 c5 3. d5 h6 4. Bxf6 gxf6 5. c4 f5 6. Nc3 Bg7 7. g3 Bxc3+ 8. bxc3 Qa5 9. Qd2 d6 10. Nf3 Nd7 11. e3 Nf6 12. Bd3 Ne4 13. Bxe4 fxe4 14. Nh4 Bh3 15. f3 Qa4 16. Qe2 b5 17. fxe4 bxc4 18. Kf2 Rb8 19. Rhb1 Kd7 20. Nf3 Bg4 21. Ne5+ dxe5 22. Qxg4+ Kd6 23. Qe2 Rb6 24. Kg2 Rhb8 25. Rxb6+ Rxb6 26. Rf1 f6 27. Qg4 Rb2+ 28. Kg1 Qd7 29. Qg8 Kc7 30. Qa8 Qa4 31. Qf8 Qd7 32. Qa8 Rb7 33. Qf8 Rb8 34. Qxh6 Rb2 35. Qf8 Qd8 36. Qf7 Rxa2 37. d6+ Qxd6 38. Qe8 Rb2 39. Qa8 Rb7 40. Qe8 Qd7 41. Qf7 Rb2 42. Qf8 Rb7 43. Qf7 Rb2 44. Qf8 Qd8 45. Qf7 Kb8 46. Qh7 Qd2 47. Qh3 Qxe3+ 48. Kh1 Qxe4+ 49. Kg1 Qe3+ 50. Kh1 Qe4+ 51. Kg1 a5 52. Qh4 Qc2 53. Qh3 a4 54. g4 a3 55. Qf3 Qxh2# 0-1


[Site "https://www.chess.com"]